 Dungeon Crawl Stone Soup version 0.17-a0-1632-g0af21bd (webtiles) character file.

2571 urechis the Grappler (level 9, -11/92 HPs)
             Began as a Troll Monk on Aug 3, 2015.
             Killed by divine providence
             ... invoked by an orc priest
              (16 damage)
             ... on level 8 of the Dungeon.
             The game lasted 00:08:29 (5144 turns).

urechis the Grappler (Troll Monk)                   Turns: 5144, Time: 00:08:30

Health: -11/92     AC:  7    Str: 21    XL:     9   Next: 32%
Magic:  8/8        EV: 10    Int:  6    God:
Gold:   519        SH:  0    Dex: 15    Spells: 2 memorised, 5 levels left

rFire  . . .     SeeInvis .       - Unarmed
rCold  . . .     Clarity  .     a - +0 robe
rNeg   . . .     SustAt   .     (no shield)
rPois  .         Gourm    +     (helmet restricted)
rElec  .         Spirit   .     E - +1 cloak
rCorr  .         Warding  .     (gloves unavailable)
rMut   .         Stasis   .     (boots unavailable)
MR     .....                    (no amulet)
Stlth  ++........               (no ring)
                                (no ring)

@: lethally poisoned (-11 -> -13), not resistant to hostile enchantments,
unstealthy
A: unfitting armour, claws 3, fast metabolism 3, gourmand, regeneration 2,
shaggy fur 1, tough skin 2
a: no special abilities


You were on level 8 of the Dungeon.
You were full.

You visited 2 branches of the dungeon, and saw 9 of its levels.

You collected 519 gold pieces.

Inventory:

Missiles
 f - 26 poisoned needles
 k - 8 needles of slowing
 I - a throwing net (quivered)
Armour
 a - a +0 robe (worn)
 E - a +1 cloak (worn)
Rods
 A - a +0 rod of the swarm (9/9)
   (You found it on level 5 of the Dungeon)
Jewellery
 G - a +4 ring of strength {unknown}
Scrolls
 d - 7 scrolls of identify
 g - a scroll of amnesia
 i - 3 scrolls of teleportation
 j - 4 scrolls of remove curse
 m - a scroll of enchant weapon
 q - a scroll of random uselessness {unknown}
 u - a scroll of noise {unknown}
 x - 2 scrolls of blinking {unknown}
 y - 3 scrolls of immolation {unknown}
 H - a scroll of magic mapping {unknown}
 J - a scroll of fear {unknown}
Potions
 c - 2 potions of might {unknown}
 e - 3 potions of curing {unknown}
 l - 3 potions of agility {unknown}
 r - 7 potions of poison {unknown}
 t - a potion of ambrosia {unknown}
 v - a potion of flight {unknown}
 w - a potion of brilliance {unknown}
 z - a potion of heal wounds {unknown}
 B - a potion of cancellation {unknown}
 C - a potion of resistance {unknown}
 D - a potion of degeneration {unknown}
Books
 F - a book of Spatial Translocations

   Spells                             Type                      Level
   a - Apportation                    Translocation                1
   b - Blink                          Translocation                2
   c - Shroud of Golubria             Charms/Translocation         2
   d - Portal Projectile              Translocation                3
   e - Teleport Other                 Translocation                3
   f - Passage of Golubria            Translocation                4
Comestibles
 b - 7 bread rations
 h - a royal jelly
 n - 2 meat rations
 o - 2 beef jerkies
 p - 19 fruits
 s - 4 slices of pizza


   Skills:
 + Level 6.5 Fighting
 - Level 2.4 Dodging
 - Level 1.1 Stealth
 * Level 11.1 Unarmed Combat


You had 5 spell levels left.
You knew the following spells:

 Your Spells              Type           Power        Failure   Level  Hunger
a - Apportation           Tloc           #.........   52%         1    ##.....
b - Blink                 Tloc           N/A          77%         2    ###....


Dungeon Overview and Level Annotations

Branches:
Dungeon (8/15)             Temple (1/1) D:5
   Lair: D:8-11

Altars:
Cheibriados
Dithmenos
Elyvilon
Fedhas
Gozag
Kikubaaqudgha
Makhleb
Nemelex Xobeh
Qazlal
Ru
Sif Muna
Trog
Vehumet
Xom
Yredelemnul
Zin
The Shining One


Innate Abilities, Weirdness & Mutations

You are too large for most types of armour.
You have claws for hands.
Your metabolism is lightning-fast.
You like to eat raw meat.
You heal very quickly.
You are covered in fur (AC +1).
You have very tough skin (AC +2).


Message History

You claw the two-headed ogre!
You kill the two-headed ogre!
Your Unarmed Combat skill increases to level 11!
You feel sick.
The orc warrior hits you from afar with a trident!
* * * LOW HITPOINT WARNING * * *
You claw the orc priest!
The orc priest is heavily wounded.
You feel sick.
You claw the orc priest!
The orc priest is almost dead.
You feel sick. The orc priest barely misses you.
The orc warrior hits you from afar with a trident!
* * * LOW HITPOINT WARNING * * *
You feel sick.
The orc priest casts a cantrip, but nothing happens.
You feel sick.
The orc priest calls down the wrath of Beogh upon you.
Something smites you!
You die...

....####. ..... #........
.... ####.....# ...
####......# .. ..!....oo#
##.# ##...#####o# #..#
###.## ###.## ##<# ..
#.....####....####.## #..
#.......##.@....## #...
#....######.###..# #....
##...## #.# ##.###......
#....## #.###...........
###....####...............
.........##................
#...........#..............
#..........##..............
#..##......##..............


You could see an orc priest and an orc.

Vanquished Creatures
  Pikel (D:6)
  Maurice (D:8)
  A two-headed ogre (D:8)
  A hippogriff (D:8)
  Menkaure (D:6)
  A necrophage (D:7)
  A sky beast (D:5)
  A centaur (D:5)
  A giant frog (D:6)
  3 big kobolds (D:6)
  An electric eel (D:6)
  2 crimson imps (D:5)
  A centaur zombie (D:7)
  2 jellies
  A hound (D:5)
  An orc priest (D:4)
  An iguana (D:4)
  3 orc wizards
  A killer bee zombie (D:8)
  2 worker ants
  3 hound zombies
  2 hound skeletons
  5 adders
  9 gnolls (D:6)
  4 worms
  4 giant geckos
  12 orcs
  A ball python (D:5)
  3 bat zombies (D:2)
  3 giant cockroaches
  29 goblins
  30 hobgoblins
  A quokka (D:5)
  6 bats
  5 giant newts
  3 jackals (D:1)
  5 kobolds
  5 rats
  2 rat zombies (D:2)
159 creatures vanquished.

Vanquished Creatures (others)
  A slave (D:6)
  A gnoll (D:6)
  4 goblins (D:6)
  A hobgoblin (D:6)
  A quokka (D:6)
8 creatures vanquished.

Grand Total: 167 creatures vanquished

Notes
Turn   | Place    | Note
--------------------------------------------------------------
     0 | D:1      | urechis the Troll Monk began the quest for the Orb.
     0 | D:1      | Reached XP level 1. HP: 22/22 MP: 0/0
   280 | D:1      | Reached XP level 2. HP: 27/29 MP: 1/1
   780 | D:2      | Reached XP level 3. HP: 36/36 MP: 2/2
   826 | D:2      | Found an ancient bone altar of Kikubaaqudgha.
  1122 | D:3      | Reached skill level 5 in Unarmed Combat
  1342 | D:3      | Found a radiant altar of Vehumet.
  1349 | D:3      | Reached XP level 4. HP: 40/45 MP: 3/3
  1754 | D:4      | Found a sparkling altar of Nemelex Xobeh.
  1801 | D:4      | Found a shadowy altar of Dithmenos.
  1820 | D:4      | Found a bloodstained altar of Trog.
  1876 | D:4      | Reached XP level 5. HP: 32/53 MP: 4/4
  2199 | D:4      | Reached skill level 6 in Unarmed Combat
  2262 | D:5      | Entered Level 5 of the Dungeon
  2382 | D:5      | Reached XP level 6. HP: 58/62 MP: 5/5
  2400 | D:5      | Found a staircase to the Ecumenical Temple.
  2415 | Temple   | Entered the Ecumenical Temple
  3030 | D:5      | Noticed a sky beast
  3041 | D:5      | Killed a sky beast
  3041 | D:5      | Reached skill level 7 in Unarmed Combat
  3222 | D:5      | Found a blossoming altar of Fedhas.
  3459 | D:5      | Reached XP level 7. HP: 66/70 MP: 6/6
  3663 | D:6      | Learned a level 1 spell: Apportation
  3683 | D:6      | Learned a level 2 spell: Blink
  3904 | D:6      | Noticed Menkaure
  3911 | D:6      | Killed Menkaure
  3911 | D:6      | Reached skill level 8 in Unarmed Combat
  3935 | D:6      | Noticed Pikel
  3941 | D:6      | Killed Pikel
  3941 | D:6      | Reached skill level 5 in Fighting
  3941 | D:6      | Reached skill level 9 in Unarmed Combat
  3941 | D:6      | Reached XP level 8. HP: 48/80 MP: 7/7
  4241 | D:6      | Reached skill level 10 in Unarmed Combat
  4924 | D:7      | Found a burning altar of Makhleb.
  5125 | D:8      | Noticed Maurice
  5126 | D:8      | Noticed a two-headed ogre
  5128 | D:8      | Reached XP level 9. HP: 83/89 MP: 8/8
  5137 | D:8      | Killed Maurice
  5140 | D:8      | Killed a two-headed ogre
  5140 | D:8      | Reached skill level 11 in Unarmed Combat
  5144 | D:8      | Killed from afar by an orc priest

Vault maps used:
D:1:      dpeg_arrival_three_smaller_balls
D:2:      lemuel_zombie_altar_kikubaaqudgha
D:3:      vehumet_altar_wand_db, grunt_ministairs_12
D:4:      lemuel_crystal_altar, kennysheep_mini_moat, bloody_trog, first_bread,
          minmay_goblin_outpost
D:5:      minmay_temple_entry_trees, fedhas_altar_fruit_tree
D:6:      minmay_goblin_kobold_castle, uniq_menkaure, uniq_pikel
D:7:      makhleb_blood_cavern_becter
D:8:      uniq_erolcha, uniq_maurice, uniq_psyche
Temple:   oiseaux_autumnal_temple_12

Action                   |  1- 3 |  4- 6 |  7- 9 || total
-------------------------+-------+-------+-------++-------
Melee: Unarmed           |   112 |   124 |   186 ||   422
Throw: Stone             |       |     9 |       ||     9
  Use: Scroll            |       |     5 |       ||     5
 Stab: Sleeping          |     4 |     1 |     1 ||     6
  Eat: Chunk             |    15 |    15 |    18 ||    48
       Fruit             |       |     1 |       ||     1
